 Dungeon Crawl Stone Soup version 0.30-a0-1094-g860fb061e7 (webtiles) character file.

Game seed: 10518060744959870639

663 Racksonjoss101 the Firebug (level 7, -8/48 HPs)
             Began as a Demonspawn Fire Elementalist on Apr 17, 2023.
             Was a Believer of Ignis.
             Mangled by an iguana (10 damage)
             ... on level 4 of the Dungeon.
             The game lasted 00:21:25 (4016 turns).

Racksonjoss101 the Firebug (DsFE)                   Turns: 4016, Time: 00:21:25

Health: -8/48      AC:  2    Str:  9    XL:     7   Next: 31%
Magic:  0/13       EV: 15    Int: 18    God:    Ignis [**....]
Gold:   171        SH:  0    Dex: 13    Spells: 13/14 levels left

rFire   + . .      SeeInvis .    h - +1 short sword (spect)
rCold   . . .      Faith    .    (no shield)
rNeg    . . .      Spirit   +    a - +0 robe
rPois   .          Reflect  .    (no helmet)
rElec   .          Rampage  .    (no cloak)
rCorr   .                        (no gloves)
Will    .....                    (no boots)
Stlth   ++                       E - amulet of guardian spirit
HPRegen 0.28/turn                (no ring)
MPRegen 0.13/turn                (no ring)

@: no status effects
A: claws 2, repulsion field 1, demonic guardian 1, powered by death 1
a: Renounce Religion, Fiery Armour, Foxfire Swarm, Rising Flame


You were on level 4 of the Dungeon.
You worshipped Ignis.
Ignis was pleased with you.
You visited 1 branch of the dungeon, and saw 4 of its levels.

You collected 171 gold pieces.

Inventory:

Hand Weapons
 c - a +0 scythe
 h - a +1 spectral short sword (weapon)
 k - a +0 war axe
 m - a +1 dagger of draining
 B - a +0 spear of freezing
 K - a +0 falchion
 N - a +0 dagger of holy wrath
Missiles
 e - 13 stones
 i - 6 poisoned darts
 n - 6 silver boomerangs
 T - 2 boomerangs
 W - 3 curare-tipped darts
Armour
 a - a +0 robe (worn)
 q - a +0 robe
 r - a +0 ring mail
 P - a +0 chain mail
 Y - a +0 scale mail
Jewellery
 E - an amulet of guardian spirit (around neck)
Wands
 u - a wand of mindburst (4)
Scrolls
 d - a scroll of teleportation {unknown}
 g - a scroll of enchant armour {unknown}
 y - a scroll of noise {unknown}
 C - 2 scrolls of blinking
 D - 2 scrolls of enchant weapon {unknown}
Potions
 b - 2 potions of magic
 f - a potion of invisibility {unknown}
 j - a potion of might {unknown}
 l - 3 potions of curing
 A - a potion of ambrosia {unknown}


   Skills:
 + Level 1.5 Fighting
 + Level 3.1 Dodging
 + Level 2.8 Stealth
 + Level 4.1 Spellcasting
 + Level 3.8 Conjurations
 + Level 4.4 Fire Magic


You had 13 spell levels left.
You knew the following spells:

 Your Spells              Type           Power      Damage    Failure   Level
a - Foxfire               Conj/Fire      72%        2x1d7     2%          1

Your spell library contained the following spells:

 Spells                   Type           Power      Damage    Failure   Level
 Scorch                   Fire           38%        2d6       3%          2
 Inner Flame              Hex/Fire       11%        N/A       19%         3
 Volatile Blastmotes      Fire/Tloc      22%        2d11      19%         3
 Flame Wave               Conj/Fire      18%        2d7       26%         4


Dungeon Overview and Level Annotations

Branches:
Dungeon (4/15)
 Temple: D:4-7

Altars:
Okawaru
Qazlal
Ignis


Innate Abilities, Weirdness & Mutations

You have very sharp fingernails.
You are surrounded by a mild repulsion field. (EV +2)
A weak demonic guardian rushes to your aid.
You regenerate a little health from kills.


Message History

The iguana bites you.
Casting: Foxfire (safe; 2% risk of failure)
Confirm with . or Enter, or press ? or * to list all spells.
You don't have enough magic to cast this spell.
The iguana closely misses you.
Casting: Foxfire (safe; 2% risk of failure)
Confirm with . or Enter, or press ? or * to list all spells.
You don't have enough magic to cast this spell.
The iguana completely misses you.
Casting: Foxfire (safe; 2% risk of failure)
Confirm with . or Enter, or press ? or * to list all spells.
You don't have enough magic to cast this spell.
The iguana bites you!
Casting: Foxfire (safe; 2% risk of failure)
Confirm with . or Enter, or press ? or * to list all spells.
You don't have enough magic to cast this spell.
The iguana bites you!
A demonic guardian appears!
Casting: Foxfire (safe; 2% risk of failure)
Confirm with . or Enter, or press ? or * to list all spells.
You conjure some foxfire!
The iguana barely misses you.
The foxfire hits the iguana.
The iguana is heavily wounded.
The iguana closely misses you.
Unknown command.
The iguana bites you!
* * * LOW HITPOINT WARNING * * *
Unknown command.
Casting: Foxfire (safe; 2% risk of failure)
Confirm with . or Enter, or press ? or * to list all spells.
You don't have enough magic to cast this spell.
Casting: Foxfire (safe; 2% risk of failure)
Confirm with . or Enter, or press ? or * to list all spells.
You don't have enough magic to cast this spell.
The iguana bites you.
* * * LOW HITPOINT WARNING * * *
Casting: Foxfire (safe; 2% risk of failure)
Confirm with . or Enter, or press ? or * to list all spells.
You don't have enough magic to cast this spell.
The iguana bites you!
You die...

.....##
.#....## ..
.......## .#
........# .#
........+ ..
........# .#
.......## S#
#.#...##
########l#
.....##
#....5v@.#
#.#.##
#.########
)...# #.#
#.#.#### #.#
.......# #.#
#.#..#.# #.#
.......###.#
.#.........#
###.##.#####


You could see an iguana (ally target), a ball python and a friendly white imp
(summoned).

Vanquished Creatures
  Sigmund (D:4)
  2 scorpions (D:4)
  2 hounds
  Natasha (twice) (D:2)
  2 orc wizards (D:3)
  9 adders
  A worm (D:2)
  2 dart slugs (D:1)
  11 orcs
  2 endoplasms
  5 giant cockroaches
  9 goblins
  6 hobgoblins
  6 jackals
  6 kobolds
  A quokka (D:3)
  6 ball pythons
  6 bats
  6 frilled lizards
  7 rats
92 creatures vanquished.

Vanquished Creatures (collateral kills)
  A scorpion (D:4)
  2 orcs (D:3)
3 creatures vanquished.

Vanquished Creatures (others)
  447 foxfires
447 creatures vanquished.

Grand Total: 542 creatures vanquished

Notes
Turn   | Place    | Note
-------+----------+-------------------------------------------
     0 | D:1      | Racksonjoss101 the Demonspawn Fire Elementalist began the
                  | quest for the Orb.
     0 | D:1      | Reached XP level 1. HP: 13/13 MP: 3/3
   116 | D:1      | Found a faded altar of an unknown god.
   145 | D:1      | Prayed at the altar of an unknown god.
   145 | D:1      | Became a worshipper of Ignis, the Dying Flame
   313 | D:1      | Gained mutation: A weak demonic guardian rushes to your
                  | aid. [demonic ancestry]
   313 | D:1      | Reached XP level 2. HP: 12/19 MP: 0/5
   843 | D:1      | Gained mutation: You are surrounded by a mild repulsion
                  | field. (EV +2) [demonic ancestry]
   843 | D:1      | Reached XP level 3. HP: 24/24 MP: 1/6
  1582 | D:2      | Noticed Natasha
  1593 | D:2      | Killed Natasha
  1594 | D:2      | Gained mutation: You have sharp fingernails. [demonic
                  | ancestry]
  1594 | D:2      | Reached XP level 4. HP: 20/31 MP: 1/7
  1914 | D:2      | Noticed Natasha
  1926 | D:2      | Killed Natasha
  2486 | D:3      | Reached XP level 5. HP: 25/36 MP: 4/9
  2866 | D:3      | Found a stormy altar of Qazlal.
  3300 | D:3      | Found an iron altar of Okawaru.
  3446 | D:4      | Noticed Sigmund
  3460 | D:4      | Gained mutation: You regenerate a little health from kills.
                  | [demonic ancestry]
  3460 | D:4      | Reached XP level 6. HP: 41/42 MP: 8/10
  3469 | D:4      | Killed Sigmund
  3470 | D:4      | Reached skill level 1 in Fighting
  3628 | D:4      | Gained mutation: You have very sharp fingernails. [demonic
                  | ancestry]
  3628 | D:4      | Reached XP level 7. HP: 44/48 MP: 6/12
  4015 | D:4      | HP: 2/48 [iguana (5)]
  4016 | D:4      | Mangled by an iguana

Illustrated notes

Levels and vault maps discovered:
D:1:      minmay_arrival_up_and_down, layout_basic,
          ebering_ecumenical_altar_hall
D:2:      layout_basic, kennysheep_cluttered_room, uniq_natasha
D:3:      layout_rooms, lemuel_crystal_altar, lemuel_doored_altar,
          grunt_ministairs_1, minmay_tree_intersection
D:4:      layout_loops_corners, serial_glass, glass_columns_b, glass_columns_a,
          glass_columns_b, glass_columns_a, glass_columns_a, glass_columns_c,
          glass_columns_c, glass_columns_c, glass_columns_b, glass_columns_a,
          glass_columns_b, glass_columns_c, glass_columns_a, glass_columns_a,
          grunt_tough_drop, uniq_sigmund

Skill      XL: |  1  2  3  4  5  6  7 |
---------------+----------------------+-----
Fire Magic     | 3 4 |  4.4
Dodging        | 2 3 |  3.1
Stealth        | 2 |  2.8
Conjurations   | 2 3 |  3.8
Spellcasting   | 3 4 |  4.1
Fighting       | 1 |  1.5

Action                     |  1- 3 |  4- 6 |  7- 9 || total
---------------------------+-------+-------+-------++-------
  Melee: Club              |    10 |       |       ||    10
         Short sword       |       |     8 |       ||     8
   Cast: Foxfire           |    81 |   110 |    40 ||   231
 Invoke: Foxfire Swarm     |     2 |     3 |       ||     5
    Use: Scroll            |       |     3 |       ||     3
 Armour: Robe              |    25 |    29 |     3 ||    57
  Dodge: Dodged            |    72 |   102 |    30 ||   204

Table legend: (Time is in decaauts)
 A = Elapsed time spent in this place.
 B = Non-inter-level travel time spent in this place.
 C = Inter-level travel time spent in this place.
 D = Time resting spent in this place.
 E = Time spent auto-exploring this place.
 F = Levels seen in this place.
 G = Mean time per level.
                   A        B        C        D        E       F      G
               +--------+--------+--------+--------+--------+-----+--------+
         Total |   4017 |   3874 |    143 |      0 |    115 |   4 | 1004.2 |
       Dungeon |   4017 |   3874 |    143 |      0 |    115 |   4 | 1004.2 |
               +--------+--------+--------+--------+--------+-----+--------+

Top non-repeatable levels by time:
     D:2: 1329 daAuts
     D:3: 1138 daAuts
     D:1: 979 daAuts
     D:4: 569 daAuts
